Influenza vs Ice Dragons

Created - April 17, 2018 at 19:01

Goals
1 2 3 T
Influenza 0 2 3 5
Ice Dragons 2 1 0 3
Shots
1 2 3 T
Influenza 11 10 10 31
Ice Dragons 9 13 10 32

1st period

1. Ice Dragons , Ryan Reaves 5 (Petr Vrana 27, Michael Chaput 12) at 10:08
2. Ice Dragons , Troy Brouwer 50 (Curtis Glencross 55, Tyler Haskins 37) at 19:58

Penalties :
Tyler Haskins (Kin) for Interference (Minor) at 16:37

2nd period

3. Influenza , Jimmy Vesey 20 (Beau Bennett 30, Oskars Bartulis 10) at 2:33
4. Ice Dragons , Curtis Glencross 37 (Troy Brouwer 36) at 6:03 (PP)
5. Influenza , Mark Scheifele 56 (T.J Galiardi 62, Jeremy Morin 54) at 7:00 (PP)

Penalties :
Dmitry Sinitsyn (VJB) for Hooking (Minor) at 5:06, Justin Faulk (Kin) for Hooking (Minor) at 6:57, Michael Ferland (Kin) for Hooking (Minor) at 10:30, Sam Carrick (Kin) for Tripping (Minor) at 16:14

3rd period

6. Influenza , T.J Galiardi 35 (Mark Scheifele 56, Oskars Bartulis 11) at 1:11 (PP)
7. Influenza , Jimmy Vesey 21 (Beau Bennett 31) at 3:34
8. Influenza , Oskars Bartulis 2 (Mark Olver 27) at 10:48

Penalties :
Logan MacMillan (Kin) for Hooking (Minor) at 0:51, Curtis Glencross (Kin) for Holding (Minor) at 1:34, Sam Carrick (Kin) for Tripping (Minor) at 11:33, Samuel Groulx (Kin) for Tripping (Minor) at 14:47

Goalie Stats

Thomas McCollum (VJB), 29 saves from 32 shots - (0.906), W, 42-18-3, 60:00 minutes
Anders Nilsson (Kin), 26 saves from 31 shots - (0.839), L, 29-30-5, 60:00 minutes

Players Stats for Influenza

Player Name              G  A  P  +/- PIM S  H  SB GA TA FO     MP     PP MP  PK MP  
------------------------------------------------------------------------------------
Beau Bennett             0  2  2   1  0   3  3  2  1  0  1/2    18:18   5:07   0:11 
Charlie Coyle            0  0  0   0  0   1  1  0  0  0  6/15   13:06   0:00   0:00 
Dmitry Sinitsyn          0  0  0   0  2   0  0  0  0  1  0/0    13:30   0:54   0:00 
Garnet Hathaway          0  0  0   1  0   3  1  0  2  1  0/1    11:04   1:02   0:00 
Iiro Pakarinen           0  0  0   0  0   2  1  0  1  0  0/0     8:35   0:25   0:00 
Jeff May                 0  0  0   0  0   0  0  0  0  0  0/0     5:07   0:45   0:00 
Jeremy Morin             0  1  1  -1  0   1  3  0  0  0  2/4    23:24   6:13   0:46 
Jimmy Vesey              2  0  2   1  0   2  5  0  1  0  0/0    18:01   5:07   0:00 
Jordan Schroeder         0  0  0   0  0   1  0  0  0  0  4/5     9:45   0:47   0:00 
Lane MacDermid           0  0  0   1  0   0  0  0  0  0  1/1    10:35   0:51   0:00 
Mark Olver               0  1  1   2  0   0  1  0  0  0  4/11   15:35   5:27   0:46 
Mark Scheifele           1  1  2  -1  0   5  2  3  1  0  13/29  22:34   6:03   0:11 
Matt Corrente            0  0  0   0  0   0  4  2  0  1  0/0    23:19   6:49   0:00 
Nikita Gusev             0  0  0   0  0   0  1  0  0  0  0/0     7:27   0:25   0:00 
Oskars Bartulis          1  2  3   0  0   5  2  3  0  1  0/0    29:39   5:50   0:57 
Paul Ladue               0  0  0   1  0   2  1  3  0  1  0/0    22:19   6:02   0:57 
T.J Galiardi             1  1  2  -1  0   3  1  2  0  0  2/3    22:15   5:58   0:00 
Tim Erixon               0  0  0   1  0   3  1  1  0  0  0/0    24:29   3:40   0:00 

Players Stats for Ice Dragons

Player Name              G  A  P  +/- PIM S  H  SB GA TA FO     MP     PP MP  PK MP  
------------------------------------------------------------------------------------
Adam Larsson             0  0  0   0  0   0  3  4  0  2  0/0    28:46   0:57   7:31 
Brandon Kozun            0  0  0   0  0   2  3  0  0  0  0/0     9:44   0:00   0:00 
Brayden McNabb           0  0  0  -1  0   3  0  3  0  1  0/0    19:14   0:00   3:53 
Curtis Glencross         1  1  2  -2  2   6  1  0  1  0  3/8    21:55   0:57   5:02 
Joe Callahan             0  0  0   0  0   2  2  5  1  1  0/0    28:46   0:57   7:31 
Justin Faulk             0  0  0  -1  2   2  0  2  1  1  0/0    19:13   0:00   3:53 
Justin Shugg             0  0  0   0  0   0  0  0  0  0  0/0     8:15   0:00   0:00 
Kevin Connauton          0  0  0   0  0   1  1  0  0  0  0/0    12:00   0:00   0:53 
Logan MacMillan          0  0  0   0  2   1  1  0  0  0  0/0     9:41   0:00   0:00 
Michael Chaput           0  1  1   1  0   2  0  2  0  0  5/10   13:22   0:00   0:18 
Michael Ferland          0  0  0  -1  2   0  0  0  0  0  0/0    10:17   0:00   2:06 
Petr Vrana               0  1  1   1  0   4  4  2  0  0  1/2    16:45   0:00   3:43 
Ryan Reaves              1  0  1   1  0   2  0  1  0  0  1/2    12:55   0:00   0:00 
Sam Carrick              0  0  0   0  4   1  3  0  0  0  2/6    11:59   0:00   2:18 
Samuel Groulx            0  0  0   0  2   0  0  1  1  1  0/0    11:59   0:00   0:53 
Theodor Blueger          0  0  0  -1  0   0  0  1  0  0  0/1    10:36   0:00   2:03 
Troy Brouwer             1  1  2  -1  0   4  1  2  1  0  3/5    22:33   0:57   6:07 
Tyler Haskins            0  1  1  -1  2   2  1  0  0  0  23/37  19:35   0:57   2:57 

3 Stars

1 - Jimmy Vesey (VJB)
2 - Oskars Bartulis (VJB)
3 - Beau Bennett (VJB)

Power Play

Influenza - 2 on 8 Attempt(s) - 25.00%
Ice Dragons - 1 on 1 Attempt(s) - 100.00%

Penalty Kill

Influenza - 0 on 1 Attempt(s) - 0.00% - Score 0 goal in Penalty Kill
Ice Dragons - 6 on 8 Attempt(s) - 75.00% - Score 0 goal in Penalty Kill

Team Stat

Influenza - Hits : 27 - Faceoff Wins : 33 - Blocked Shots : 16 - Penalty Minutes : 2
Ice Dragons - Hits : 20 - Faceoff Wins : 38 - Blocked Shots : 23 - Penalty Minutes : 16

Official

Referees : Rehman Kyle and Dwyer Gord
Linesman : Michel Cormier and Derek Amell

Game Notes

Jeff May is injured at 19:38 of 1st period (Torso)

Finance

Level 1 -- Attendance: 1505 (75.25%) -- Ticket Income $60,200
Level 2 -- Attendance: 715 (71.50%) -- Ticket Income $14,300
Total Attendance: 2220 (74.00%)
Total Ticket Income: $74,500
Other Income: $3,725
Total Income: $78,225

Influenza

5 vs 5 Forward 
   Center                   Left Wing                Right Wing               Time % Phy DF OF 
 1 Mark Scheifele           T.J Galiardi             Jeremy Morin             40     1   2  2  
 2 Charlie Coyle            Jimmy Vesey              Beau Bennett             30     1   2  2  
 3 Mark Olver               Lane MacDermid           Garnet Hathaway          20     1   2  2  
 4 Jordan Schroeder         Nikita Gusev             Iiro Pakarinen           10     1   2  2  

5 vs 5 Defense 
   Defense                  Defense                                           Time % Phy DF OF 
 1 Oskars Bartulis          Tim Erixon                                        40     1   2  2  
 2 Matt Corrente            Paul Ladue                                        30     1   2  2  
 3 Jeff May                 Dmitry Sinitsyn                                   20     1   2  2  
 4 Oskars Bartulis          Tim Erixon                                        10     1   2  2  

PowerPlay Forward 
   Center                   Left Wing                Right Wing               Time % Phy DF OF 
 1 Mark Scheifele           T.J Galiardi             Jeremy Morin             60     1   2  2  
 2 Mark Olver               Jimmy Vesey              Beau Bennett             40     1   2  2  

PowerPlay Defense
   Defense                  Defense                                           Time % Phy DF OF 
 1 Oskars Bartulis          Matt Corrente                                     60     1   2  2  
 2 Jeff May                 Paul Ladue                                        40     1   2  2  

Penalty Kill 4 Players Forward 
   Center                   Wing                     Time % Phy DF OF 
 1 Mark Olver               Jeremy Morin             60     1   2  2  
 2 Mark Scheifele           Beau Bennett             40     1   2  2  

Penalty Kill 4 Players Defense
   Defense                  Defense                  Time % Phy DF OF 
 1 Oskars Bartulis          Jeff May                 60     1   2  2  
 2 Matt Corrente            Paul Ladue               40     1   2  2  

Penalty Kill - 3 Players Forward 
   Forward                                           Time % Phy DF OF 
 1 Mark Olver                                        60     1   2  2  
 2 Mark Scheifele                                    40     1   2  2  

Penalty Kill - 3 Players Defense
   Defense                  Defense                  Time % Phy DF OF 
 1 Oskars Bartulis          Jeff May                 60     1   2  2  
 2 Matt Corrente            Paul Ladue               40     1   2  2  

4 vs 4 Forward 
   Center                   Wing                     Time % Phy DF OF 
 1 Mark Scheifele           Jeremy Morin             60     1   2  2  
 2 Mark Olver               Beau Bennett             40     1   2  2  

4 vs 4 Defense
   Defense                  Defense                  Time % Phy DF OF 
 1 Oskars Bartulis          Jeff May                 60     1   2  2  
 2 Matt Corrente            Paul Ladue               40     1   2  2  

Last Minutes Offensive
   Center                   Left Wing                Right Wing               Defense                  Defense                  
   Mark Scheifele           T.J Galiardi             Jeremy Morin             Oskars Bartulis          Matt Corrente            

Last Minutes Defensive
   Center                   Left Wing                Right Wing               Defense                  Defense                  
   Mark Scheifele           T.J Galiardi             Jeremy Morin             Oskars Bartulis          Matt Corrente            

Goaltenders
Starting : Thomas McCollum          
Backup : Tyson Sexsmith           

Extra Forwards
Normal : Garnet Hathaway, Jordan Schroeder, Iiro Pakarinen - PP : Garnet Hathaway, Jordan Schroeder - PK : Iiro Pakarinen
Extra Defensemen
Normal : Matt Corrente, Oskars Bartulis, Jeff May - PP : Matt Corrente - PK : Oskars Bartulis, Jeff May
Penalty Shots
Jeremy Morin, Mark Olver, Beau Bennett, Mark Scheifele, Garnet Hathaway

Scratches
Jacob Josefson (Healthy), Jamie Devane (Healthy), Joe Morrow (Healthy), Johan Larsson (Healthy), Fredric Larsson (Healthy)
Tom Kuhnhackl (Healthy), Rocco Grimaldi (Healthy), Ryan Sproul (Healthy), Josh Andrerson (Healthy), Mathieu Carle (Healthy)
Jesse Graham (Healthy), Vince Rocco (Healthy), Jamie Phillips (Healthy)

Ice Dragons

5 vs 5 Forward 
   Center                   Left Wing                Right Wing               Time % Phy DF OF 
 1 Tyler Haskins            Curtis Glencross         Troy Brouwer             40     1   2  2  
 2 Michael Chaput           Petr Vrana               Ryan Reaves              30     1   2  2  
 3 Sam Carrick              Logan MacMillan          Brandon Kozun            20     1   2  2  
 4 Theodor Blueger          Michael Ferland          Justin Shugg             10     1   2  2  

5 vs 5 Defense 
   Defense                  Defense                                           Time % Phy DF OF 
 1 Joe Callahan             Adam Larsson                                      40     1   2  2  
 2 Justin Faulk             Brayden McNabb                                    30     1   2  2  
 3 Kevin Connauton          Samuel Groulx                                     20     1   2  2  
 4 Joe Callahan             Adam Larsson                                      10     1   2  2  

PowerPlay Forward 
   Center                   Left Wing                Right Wing               Time % Phy DF OF 
 1 Tyler Haskins            Curtis Glencross         Troy Brouwer             60     1   2  2  
 2 Michael Chaput           Petr Vrana               Ryan Reaves              40     1   2  2  

PowerPlay Defense
   Defense                  Defense                                           Time % Phy DF OF 
 1 Joe Callahan             Adam Larsson                                      60     1   2  2  
 2 Justin Faulk             Brayden McNabb                                    40     1   2  2  

Penalty Kill 4 Players Forward 
   Center                   Wing                     Time % Phy DF OF 
 1 Curtis Glencross         Troy Brouwer             60     1   2  2  
 2 Tyler Haskins            Petr Vrana               40     1   2  2  

Penalty Kill 4 Players Defense
   Defense                  Defense                  Time % Phy DF OF 
 1 Joe Callahan             Adam Larsson             60     1   2  2  
 2 Justin Faulk             Brayden McNabb           40     1   2  2  

Penalty Kill - 3 Players Forward 
   Forward                                           Time % Phy DF OF 
 1 Curtis Glencross                                  60     1   2  2  
 2 Troy Brouwer                                      40     1   2  2  

Penalty Kill - 3 Players Defense
   Defense                  Defense                  Time % Phy DF OF 
 1 Joe Callahan             Adam Larsson             60     1   2  2  
 2 Justin Faulk             Brayden McNabb           40     1   2  2  

4 vs 4 Forward 
   Center                   Wing                     Time % Phy DF OF 
 1 Curtis Glencross         Troy Brouwer             60     1   2  2  
 2 Tyler Haskins            Petr Vrana               40     1   2  2  

4 vs 4 Defense
   Defense                  Defense                  Time % Phy DF OF 
 1 Joe Callahan             Adam Larsson             60     1   2  2  
 2 Justin Faulk             Brayden McNabb           40     1   2  2  

Last Minutes Offensive
   Center                   Left Wing                Right Wing               Defense                  Defense                  
   Tyler Haskins            Curtis Glencross         Troy Brouwer             Joe Callahan             Adam Larsson             

Last Minutes Defensive
   Center                   Left Wing                Right Wing               Defense                  Defense                  
   Tyler Haskins            Curtis Glencross         Troy Brouwer             Joe Callahan             Adam Larsson             

Goaltenders
Starting : Anders Nilsson           
Backup : Harru Sateri             

Extra Forwards
Normal : Logan MacMillan, Brandon Kozun, Sam Carrick - PP : Logan MacMillan, Brandon Kozun - PK : Sam Carrick
Extra Defensemen
Normal : Kevin Connauton, Samuel Groulx, Justin Faulk - PP : Kevin Connauton - PK : Samuel Groulx, Justin Faulk
Penalty Shots
Curtis Glencross, Troy Brouwer, Tyler Haskins, Petr Vrana, Ryan Reaves

Scratches
Michael Latta (Bruised Left Leg Injury), Chris Wagner (Healthy), Tomas Kudelka (Healthy), Christian Djoos (Healthy), Oscar Dansk (Healthy)

% Time on Ice - Influenza

Lines # - Real PCT - Wanted PCT - Time Play
Normal Forward
1 - 36% - 40% - 16:56
2 - 30% - 30% - 14:07
3 - 19% - 20% - 8:41
4 - 15% - 10% - 7:02
Normal Defense
1 - 37% - 40% - 17:09
2 - 28% - 30% - 13:07
3 - 29% - 20% - 13:22
4 - 7% - 10% - 3:08
PP Forward
1 - 56% - 60% - 6:50
2 - 44% - 40% - 5:27
PP Defense
1 - 43% - 60% - 5:19
2 - 57% - 40% - 6:58
PK Forward
1 - 81% - 60% - 0:46
2 - 19% - 40% - 0:11
PK Defense
1 - 100% - 60% - 0:57
2 - 0% - 40% - 0:00
PK3 Forward
1 - 0% - 60%
2 - 0% - 40%
PK3 Defense
1 - 0% - 60%
2 - 0% - 40%
44 Forward
1 - 0% - 60%
2 - 0% - 40%
44 Defense
1 - 0% - 60%
2 - 0% - 40%
Last Minute Offensive  - 0:00
Last Minute Defensive  - 0:00
Total
Forward - 60:00
Defense - 60:00

% Time on Ice - Ice Dragons

Lines # - Real PCT - Wanted PCT - Time Play
Normal Forward
1 - 33% - 40% - 15:36
2 - 30% - 30% - 13:52
3 - 20% - 20% - 9:21
4 - 17% - 10% - 7:57
Normal Defense
1 - 39% - 40% - 18:28
2 - 33% - 30% - 15:21
3 - 23% - 20% - 10:54
4 - 4% - 10% - 2:03
PP Forward
1 - 100% - 60% - 0:57
2 - 0% - 40% - 0:00
PP Defense
1 - 100% - 60% - 0:57
2 - 0% - 40% - 0:00
PK Forward
1 - 72% - 60% - 8:49
2 - 28% - 40% - 3:28
PK Defense
1 - 68% - 60% - 8:24
2 - 32% - 40% - 3:53
PK3 Forward
1 - 0% - 60%
2 - 0% - 40%
PK3 Defense
1 - 0% - 60%
2 - 0% - 40%
44 Forward
1 - 0% - 60%
2 - 0% - 40%
44 Defense
1 - 0% - 60%
2 - 0% - 40%
Last Minute Offensive  - 0:00
Last Minute Defensive  - 0:00
Total
Forward - 60:00
Defense - 60:00

Play by Play

1st period


0:01 of 1st period - Mark Scheifele wins face-off versus Tyler Haskins in neutral zone.
0:09 of 1st period - Tim Erixon is hit by Tyler Haskins and loses puck.
0:14 of 1st period - Wrist shot by Curtis Glencross.
0:14 of 1st period - Shot Misses the Net.
0:26 of 1st period - Mark Scheifele is hit by Joe Callahan and loses puck.
0:49 of 1st period - Snap shot by Jimmy Vesey.
0:49 of 1st period - Shot Misses the Net.
0:51 of 1st period - Slapshot by Oskars Bartulis.
0:51 of 1st period - Shot Blocked by Brayden McNabb.
1:44 of 1st period - Justin Shugg is hit by Iiro Pakarinen and loses puck.
2:21 of 1st period - Slapshot by Brayden McNabb.
2:21 of 1st period - Shot Blocked by Paul Ladue.
2:23 of 1st period - Slapshot by Brayden McNabb.
2:23 of 1st period - Shot Blocked by Paul Ladue.
3:40 of 1st period - Slapshot by Iiro Pakarinen.
3:40 of 1st period - Shot Blocked by Brayden McNabb.
3:48 of 1st period - Slapshot by Justin Faulk.
3:48 of 1st period - Shot Blocked by Matt Corrente.
3:50 of 1st period - Slapshot by Justin Faulk.
3:50 of 1st period - Shot Blocked by Matt Corrente.
3:52 of 1st period - Slapshot by Brayden McNabb.
3:52 of 1st period - Stopped by Thomas McCollum without a rebound.
3:53 of 1st period - Tyler Haskins wins face-off versus Charlie Coyle in Influenza zone.
4:06 of 1st period - Joe Callahan is hit by Beau Bennett and loses puck.
4:21 of 1st period - Snap shot by Ryan Reaves.
4:21 of 1st period - Shot Misses the Net.
4:43 of 1st period - Snap shot by Kevin Connauton.
4:43 of 1st period - Deflect By Logan MacMillan.
4:43 of 1st period - Shot Misses the Net.
4:43 of 1st period - Puck is out of play.
4:44 of 1st period - Tyler Haskins wins face-off versus Mark Olver in Influenza zone.
4:58 of 1st period - Snap shot by Mark Olver.
4:58 of 1st period - Shot Misses the Net.
5:00 of 1st period - Slapshot by Tim Erixon.
5:00 of 1st period - Stopped by Anders Nilsson without a rebound.
5:01 of 1st period - Jeremy Morin wins face-off versus Michael Chaput in Ice Dragons zone.
5:28 of 1st period - Icing by Tyler Haskins.
5:29 of 1st period - Tyler Haskins wins face-off versus Charlie Coyle in Ice Dragons zone.
5:38 of 1st period - Wrist shot by Curtis Glencross.
5:38 of 1st period - Stopped by Thomas McCollum with a rebound.
6:21 of 1st period - Wrist shot by Mark Olver.
6:21 of 1st period - Shot Misses the Net.
6:23 of 1st period - Slapshot by Mark Olver.
6:23 of 1st period - Shot Misses the Net.
8:12 of 1st period - Petr Vrana is hit by Nikita Gusev and loses puck.
9:07 of 1st period - Snap shot by Iiro Pakarinen.
9:07 of 1st period - Stopped by Anders Nilsson without a rebound.
9:08 of 1st period - Jordan Schroeder wins face-off versus Sam Carrick in Ice Dragons zone.
9:26 of 1st period - Icing by Oskars Bartulis.
9:27 of 1st period - Jordan Schroeder wins face-off versus Michael Chaput in Influenza zone.
9:34 of 1st period - Slapshot by Jeremy Morin.
9:34 of 1st period - Deflect By Mark Scheifele.
9:34 of 1st period - Shot Blocked by Justin Faulk.
9:34 of 1st period - Puck is out of play.
9:35 of 1st period - Tyler Haskins wins face-off versus Mark Scheifele in Ice Dragons zone.
9:48 of 1st period - Wrist shot by Curtis Glencross.
9:48 of 1st period - Shot Hit the Post.
10:00 of 1st period - Petr Vrana is hit by Jimmy Vesey.
10:08 of 1st period - Snap shot by Ryan Reaves.
10:08 of 1st period - Goal by Ryan Reaves - Influenza : 0 - Ice Dragons : 1.
10:09 of 1st period - Tyler Haskins wins face-off versus T.J Galiardi in neutral zone.
10:24 of 1st period - Snap shot by Mark Scheifele.
10:24 of 1st period - Shot Misses the Net.
10:34 of 1st period - Oskars Bartulis is hit by Adam Larsson.
10:56 of 1st period - Wrist shot by Brandon Kozun.
10:56 of 1st period - Stopped by Thomas McCollum with a rebound.
10:58 of 1st period - Wrist shot by Logan MacMillan.
10:58 of 1st period - Deflect By Brandon Kozun.
10:58 of 1st period - Stopped by Thomas McCollum with a rebound.
11:00 of 1st period - Wrist shot by Logan MacMillan.
11:00 of 1st period - Shot Misses the Net.
11:20 of 1st period - Wrist shot by T.J Galiardi.
11:20 of 1st period - Shot Misses the Net.
11:34 of 1st period - Wrist shot by Curtis Glencross.
11:34 of 1st period - Stopped by Thomas McCollum without a rebound.
11:35 of 1st period - T.J Galiardi wins face-off versus Tyler Haskins in Influenza zone.
11:43 of 1st period - Off-side.
11:44 of 1st period - Troy Brouwer wins face-off versus Mark Scheifele in neutral zone.
12:10 of 1st period - Jeff May is hit by Brandon Kozun and loses puck.
12:21 of 1st period - Wrist shot by Jeremy Morin.
12:21 of 1st period - Stopped by Anders Nilsson with a rebound.
12:23 of 1st period - Slapshot by Matt Corrente.
12:23 of 1st period - Shot Blocked by Joe Callahan.
12:25 of 1st period - Snap shot by Mark Scheifele.
12:25 of 1st period - Stopped by Anders Nilsson without a rebound.
12:26 of 1st period - Charlie Coyle wins face-off versus Tyler Haskins in Ice Dragons zone.
13:53 of 1st period - Wrist shot by Jeremy Morin.
13:53 of 1st period - Shot Blocked by Adam Larsson.
13:57 of 1st period - Snap shot by T.J Galiardi.
13:57 of 1st period - Stopped by Anders Nilsson with a rebound.
14:11 of 1st period - Slapshot by Garnet Hathaway.
14:11 of 1st period - Stopped by Anders Nilsson with a rebound.
14:13 of 1st period - Snap shot by Paul Ladue.
14:13 of 1st period - Shot Blocked by Adam Larsson.
14:15 of 1st period - Wrist shot by Paul Ladue.
14:15 of 1st period - Stopped by Anders Nilsson without a rebound.
14:16 of 1st period - Tyler Haskins wins face-off versus Mark Olver in Ice Dragons zone.
14:23 of 1st period - Mark Olver is hit by Curtis Glencross and loses puck.
14:50 of 1st period - Wrist shot by Mark Scheifele.
14:50 of 1st period - Shot Blocked by Brayden McNabb.
14:52 of 1st period - Slapshot by Oskars Bartulis.
14:52 of 1st period - Stopped by Anders Nilsson with a rebound.
14:54 of 1st period - Slapshot by Mark Scheifele.
14:54 of 1st period - Shot Blocked by Justin Faulk.
14:56 of 1st period - Snap shot by Tim Erixon.
14:56 of 1st period - Stopped by Anders Nilsson without a rebound.
14:57 of 1st period - Sam Carrick wins face-off versus Charlie Coyle in Ice Dragons zone.
15:10 of 1st period - Snap shot by Logan MacMillan.
15:10 of 1st period - Shot Blocked by Oskars Bartulis.
15:42 of 1st period - Icing by Oskars Bartulis.
15:43 of 1st period - Michael Chaput wins face-off versus Mark Scheifele in Influenza zone.
15:44 of 1st period - Slapshot by Petr Vrana.
15:44 of 1st period - Stopped by Thomas McCollum without a rebound.
15:45 of 1st period - Michael Chaput wins face-off versus Beau Bennett in Influenza zone.
16:10 of 1st period - Tyler Haskins is hit by T.J Galiardi.
16:24 of 1st period - Tyler Haskins is hit by Jeremy Morin and loses puck.
16:35 of 1st period - Wrist shot by Iiro Pakarinen.
16:35 of 1st period - Stopped by Anders Nilsson with a rebound.
16:37 of 1st period - Minor Penalty to Tyler Haskins for Interference.
16:38 of 1st period - Mark Scheifele wins face-off versus Curtis Glencross in Ice Dragons zone.
16:41 of 1st period - Wrist shot by Mark Scheifele.
16:41 of 1st period - Stopped by Anders Nilsson with a rebound.
17:05 of 1st period - Troy Brouwer is hit by Matt Corrente and loses puck.
18:37 of 1st period - Penalty to Tyler Haskins is over, Tyler Haskins is back on ice.
19:37 of 1st period - Jeff May is hit by Brandon Kozun and loses puck.
19:38 of 1st period - Jeff May from Influenza is injured at 19:38 of 1st period (Torso).
19:39 of 1st period - Mark Scheifele wins face-off versus Tyler Haskins in Influenza zone.
19:46 of 1st period - Snap shot by Troy Brouwer.
19:46 of 1st period - Stopped by Thomas McCollum without a rebound.
19:47 of 1st period - Tyler Haskins wins face-off versus Mark Scheifele in Influenza zone.
19:58 of 1st period - Snap shot by Troy Brouwer.
19:58 of 1st period - Goal by Troy Brouwer - Influenza : 0 - Ice Dragons : 2.
19:59 of 1st period - Charlie Coyle wins face-off versus Tyler Haskins in neutral zone.
Goals for this period are 0 for Influenza vs 2 for Ice Dragons.
Shots for this period are 11 for Influenza vs 9 for Ice Dragons.

2nd period


0:01 of 2nd period - Charlie Coyle wins face-off versus Tyler Haskins in neutral zone.
0:04 of 2nd period - Slapshot by Oskars Bartulis.
0:04 of 2nd period - Shot Blocked by Adam Larsson.
0:06 of 2nd period - Slapshot by Jimmy Vesey.
0:06 of 2nd period - Deflect By Charlie Coyle.
0:06 of 2nd period - Shot Blocked by Troy Brouwer.
0:06 of 2nd period - Puck is out of play.
0:07 of 2nd period - Troy Brouwer wins face-off versus Charlie Coyle in Ice Dragons zone.
0:36 of 2nd period - Wrist shot by Lane MacDermid.
0:36 of 2nd period - Deflect By Curtis Glencross.
0:36 of 2nd period - Shot Blocked by Troy Brouwer.
0:36 of 2nd period - Puck is out of play.
0:37 of 2nd period - Michael Chaput wins face-off versus Mark Olver in Ice Dragons zone.
0:37 of 2nd period - Michael Chaput is hit by Matt Corrente.
0:47 of 2nd period - Wrist shot by Garnet Hathaway.
0:47 of 2nd period - Stopped by Anders Nilsson without a rebound.
0:48 of 2nd period - Tyler Haskins wins face-off versus Jeremy Morin in Ice Dragons zone.
1:13 of 2nd period - Oskars Bartulis is hit by Brandon Kozun and loses puck.
2:09 of 2nd period - Snap shot by Mark Scheifele.
2:09 of 2nd period - Deflect By T.J Galiardi.
2:09 of 2nd period - Shot Misses the Net.
2:09 of 2nd period - Puck is out of play.
2:10 of 2nd period - Tyler Haskins wins face-off versus Charlie Coyle in Ice Dragons zone.
2:10 of 2nd period - Tyler Haskins is hit by Beau Bennett.
2:19 of 2nd period - Icing by Jimmy Vesey.
2:20 of 2nd period - Tyler Haskins wins face-off versus Charlie Coyle in Influenza zone.
2:21 of 2nd period - Snap shot by Curtis Glencross.
2:21 of 2nd period - Stopped by Thomas McCollum without a rebound.
2:22 of 2nd period - Tyler Haskins wins face-off versus Charlie Coyle in Influenza zone.
2:23 of 2nd period - Slapshot by Troy Brouwer.
2:23 of 2nd period - Shot Misses the Net.
2:31 of 2nd period - Wrist shot by Beau Bennett.
2:31 of 2nd period - Shot Misses the Net.
2:33 of 2nd period - Snap shot by Jimmy Vesey.
2:33 of 2nd period - Goal by Jimmy Vesey - Influenza : 1 - Ice Dragons : 2.
2:34 of 2nd period - Charlie Coyle wins face-off versus Petr Vrana in neutral zone.
2:38 of 2nd period - Oskars Bartulis is hit by Petr Vrana and loses puck.
3:03 of 2nd period - Snap shot by Curtis Glencross.
3:03 of 2nd period - Shot Blocked by Mark Scheifele.
3:05 of 2nd period - Slapshot by Brayden McNabb.
3:05 of 2nd period - Stopped by Thomas McCollum without a rebound.
3:06 of 2nd period - Tyler Haskins wins face-off versus Mark Scheifele in Influenza zone.
3:17 of 2nd period - Wrist shot by Troy Brouwer.
3:17 of 2nd period - Shot Misses the Net.
3:19 of 2nd period - Slapshot by Justin Faulk.
3:19 of 2nd period - Shot Misses the Net.
3:21 of 2nd period - Wrist shot by Tyler Haskins.
3:21 of 2nd period - Stopped by Thomas McCollum with a rebound.
3:31 of 2nd period - Justin Faulk is hit by Jimmy Vesey.
4:15 of 2nd period - Snap shot by Jordan Schroeder.
4:15 of 2nd period - Stopped by Anders Nilsson without a rebound.
4:16 of 2nd period - Jordan Schroeder wins face-off versus Tyler Haskins in Ice Dragons zone.
4:17 of 2nd period - Snap shot by Iiro Pakarinen.
4:17 of 2nd period - Shot Misses the Net.
4:29 of 2nd period - Jordan Schroeder is hit by Joe Callahan and loses puck.
4:42 of 2nd period - Michael Chaput is hit by Charlie Coyle and loses puck.
4:53 of 2nd period - Wrist shot by Beau Bennett.
4:53 of 2nd period - Shot Blocked by Joe Callahan.
5:06 of 2nd period - Minor Penalty to Dmitry Sinitsyn for Hooking.
5:07 of 2nd period - Tyler Haskins wins face-off versus Mark Olver in Influenza zone.
5:15 of 2nd period - Snap shot by Troy Brouwer.
5:15 of 2nd period - Stopped by Thomas McCollum without a rebound.
5:16 of 2nd period - Tyler Haskins wins face-off versus Mark Olver in Influenza zone.
6:01 of 2nd period - Wrist shot by Curtis Glencross.
6:01 of 2nd period - Shot Blocked by Mark Scheifele.
6:03 of 2nd period - Wrist shot by Curtis Glencross.
6:03 of 2nd period - Goal by Curtis Glencross - Influenza : 1 - Ice Dragons : 3.
6:04 of 2nd period - Charlie Coyle wins face-off versus Ryan Reaves in neutral zone.
6:17 of 2nd period - Snap shot by Beau Bennett.
6:17 of 2nd period - Stopped by Anders Nilsson without a rebound.
6:18 of 2nd period - Tyler Haskins wins face-off versus Mark Scheifele in Ice Dragons zone.
6:18 of 2nd period - Tyler Haskins is hit by Jeremy Morin.
6:44 of 2nd period - Joe Callahan is hit by Tim Erixon and loses puck.
6:49 of 2nd period - Snap shot by Charlie Coyle.
6:49 of 2nd period - Stopped by Anders Nilsson without a rebound.
6:50 of 2nd period - Charlie Coyle wins face-off versus Michael Chaput in Ice Dragons zone.
6:57 of 2nd period - Minor Penalty to Justin Faulk for Hooking.
6:58 of 2nd period - Jeremy Morin wins face-off versus Curtis Glencross in Ice Dragons zone.
7:00 of 2nd period - Slapshot by Mark Scheifele.
7:00 of 2nd period - Goal by Mark Scheifele - Influenza : 2 - Ice Dragons : 3.
7:01 of 2nd period - Mark Scheifele wins face-off versus Troy Brouwer in neutral zone.
7:06 of 2nd period - Slapshot by Oskars Bartulis.
7:06 of 2nd period - Stopped by Anders Nilsson without a rebound.
7:07 of 2nd period - T.J Galiardi wins face-off versus Tyler Haskins in Ice Dragons zone.
7:10 of 2nd period - Slapshot by Mark Scheifele.
7:10 of 2nd period - Stopped by Anders Nilsson without a rebound.
7:11 of 2nd period - Mark Scheifele wins face-off versus Tyler Haskins in Ice Dragons zone.
7:12 of 2nd period - Snap shot by T.J Galiardi.
7:12 of 2nd period - Shot Misses the Net.
7:14 of 2nd period - Slapshot by Tim Erixon.
7:14 of 2nd period - Stopped by Anders Nilsson without a rebound.
7:15 of 2nd period - Tyler Haskins wins face-off versus Mark Scheifele in Ice Dragons zone.
7:40 of 2nd period - Charlie Coyle is hit by Adam Larsson and loses puck.
7:47 of 2nd period - Adam Larsson is hit by Jimmy Vesey and loses puck.
8:57 of 2nd period - Slapshot by Justin Faulk.
8:57 of 2nd period - Stopped by Thomas McCollum with a rebound.
9:03 of 2nd period - Michael Ferland is hit by Beau Bennett and loses puck.
10:30 of 2nd period - Minor Penalty to Michael Ferland for Hooking.
10:31 of 2nd period - Mark Scheifele wins face-off versus Curtis Glencross in Ice Dragons zone.
11:03 of 2nd period - Mark Scheifele is hit by Petr Vrana and loses puck.
12:18 of 2nd period - Lane MacDermid is hit by Petr Vrana and loses puck.
12:30 of 2nd period - Penalty to Michael Ferland is over, Michael Ferland is back on ice.
12:42 of 2nd period - Snap shot by Kevin Connauton.
12:42 of 2nd period - Stopped by Thomas McCollum without a rebound.
12:43 of 2nd period - Sam Carrick wins face-off versus Jordan Schroeder in Influenza zone.
12:48 of 2nd period - Snap shot by Logan MacMillan.
12:48 of 2nd period - Stopped by Thomas McCollum without a rebound.
12:49 of 2nd period - Jordan Schroeder wins face-off versus Michael Chaput in Influenza zone.
13:14 of 2nd period - Snap shot by Joe Callahan.
13:14 of 2nd period - Shot Blocked by Mark Scheifele.
13:16 of 2nd period - Slapshot by Joe Callahan.
13:16 of 2nd period - Deflect By T.J Galiardi.
13:16 of 2nd period - Stopped by Thomas McCollum with a rebound.
13:18 of 2nd period - Snap shot by Sam Carrick.
13:18 of 2nd period - Stopped by Thomas McCollum with a rebound.
13:39 of 2nd period - Icing by Joe Callahan.
13:40 of 2nd period - Tyler Haskins wins face-off versus Mark Olver in Ice Dragons zone.
13:40 of 2nd period - Tyler Haskins is hit by Oskars Bartulis.
14:19 of 2nd period - Snap shot by Curtis Glencross.
14:19 of 2nd period - Stopped by Thomas McCollum without a rebound.
14:20 of 2nd period - Lane MacDermid wins face-off versus Michael Chaput in Influenza zone.
14:26 of 2nd period - Matt Corrente is hit by Kevin Connauton and loses puck.
14:35 of 2nd period - Snap shot by Michael Chaput.
14:35 of 2nd period - Stopped by Thomas McCollum without a rebound.
14:36 of 2nd period - Mark Scheifele wins face-off versus Sam Carrick in Influenza zone.
15:09 of 2nd period - Off-side.
15:10 of 2nd period - Ryan Reaves wins face-off versus Charlie Coyle in neutral zone.
16:06 of 2nd period - Wrist shot by Garnet Hathaway.
16:06 of 2nd period - Stopped by Anders Nilsson with a rebound.
16:14 of 2nd period - Minor Penalty to Sam Carrick for Tripping.
16:15 of 2nd period - Curtis Glencross wins face-off versus Mark Scheifele in Ice Dragons zone.
16:28 of 2nd period - Wrist shot by Mark Scheifele.
16:28 of 2nd period - Shot Blocked by Adam Larsson.
18:12 of 2nd period - Icing by Garnet Hathaway.
18:13 of 2nd period - Tyler Haskins wins face-off versus Garnet Hathaway in Influenza zone.
18:14 of 2nd period - Penalty to Sam Carrick is over, Sam Carrick is back on ice.
18:20 of 2nd period - Adam Larsson is hit by Garnet Hathaway and loses puck.
18:42 of 2nd period - Slapshot by Joe Callahan.
18:42 of 2nd period - Stopped by Thomas McCollum without a rebound.
18:43 of 2nd period - Mark Olver wins face-off versus Tyler Haskins in Influenza zone.
19:09 of 2nd period - Tyler Haskins is hit by Oskars Bartulis and loses puck.
19:34 of 2nd period - Samuel Groulx is hit by Jeremy Morin and loses puck.
19:51 of 2nd period - Slapshot by Kevin Connauton.
19:51 of 2nd period - Shot Blocked by Tim Erixon.
19:59 of 2nd period - Tim Erixon is hit by Logan MacMillan and loses puck.
Goals for this period are 2 for Influenza vs 1 for Ice Dragons.
Shots for this period are 10 for Influenza vs 13 for Ice Dragons.

3rd period


0:01 of 3rd period - Mark Scheifele wins face-off versus Tyler Haskins in neutral zone.
0:10 of 3rd period - Snap shot by Curtis Glencross.
0:10 of 3rd period - Shot Blocked by Paul Ladue.
0:32 of 3rd period - Wrist shot by Michael Chaput.
0:32 of 3rd period - Shot Blocked by Beau Bennett.
0:34 of 3rd period - Slapshot by Adam Larsson.
0:34 of 3rd period - Shot Blocked by Beau Bennett.
0:36 of 3rd period - Slapshot by Joe Callahan.
0:36 of 3rd period - Shot Misses the Net.
0:51 of 3rd period - Minor Penalty to Logan MacMillan for Hooking.
0:52 of 3rd period - Mark Scheifele wins face-off versus Curtis Glencross in Ice Dragons zone.
0:55 of 3rd period - Snap shot by T.J Galiardi.
0:55 of 3rd period - Stopped by Anders Nilsson without a rebound.
0:56 of 3rd period - Curtis Glencross wins face-off versus Mark Scheifele in Ice Dragons zone.
1:11 of 3rd period - Slapshot by T.J Galiardi.
1:11 of 3rd period - Goal by T.J Galiardi - Influenza : 3 - Ice Dragons : 3.
1:12 of 3rd period - Tyler Haskins wins face-off versus Jeremy Morin in neutral zone.
1:15 of 3rd period - Jeremy Morin is hit by Troy Brouwer and loses puck.
1:34 of 3rd period - Minor Penalty to Curtis Glencross for Holding.
1:35 of 3rd period - Mark Scheifele wins face-off versus Sam Carrick in Ice Dragons zone.
2:23 of 3rd period - Icing by Jimmy Vesey.
2:24 of 3rd period - Mark Olver wins face-off versus Theodor Blueger in Influenza zone.
2:29 of 3rd period - Wrist shot by Jimmy Vesey.
2:29 of 3rd period - Shot Blocked by Joe Callahan.
2:56 of 3rd period - Mark Olver is hit by Sam Carrick and loses puck.
3:25 of 3rd period - Joe Callahan is hit by Mark Olver and loses puck.
3:32 of 3rd period - Snap shot by Beau Bennett.
3:32 of 3rd period - Shot Blocked by Theodor Blueger.
3:34 of 3rd period - Penalty to Curtis Glencross is over, Curtis Glencross is back on ice.
3:34 of 3rd period - Snap shot by Jimmy Vesey.
3:34 of 3rd period - Goal by Jimmy Vesey - Influenza : 4 - Ice Dragons : 3.
3:35 of 3rd period - Petr Vrana wins face-off versus Mark Scheifele in neutral zone.
3:46 of 3rd period - Snap shot by Petr Vrana.
3:46 of 3rd period - Shot Blocked by T.J Galiardi.
4:00 of 3rd period - Curtis Glencross is hit by Matt Corrente and loses puck.
4:08 of 3rd period - Icing by Brayden McNabb.
4:09 of 3rd period - Troy Brouwer wins face-off versus Mark Scheifele in Ice Dragons zone.
4:22 of 3rd period - Wrist shot by Curtis Glencross.
4:22 of 3rd period - Shot Misses the Net.
4:24 of 3rd period - Snap shot by Tyler Haskins.
4:24 of 3rd period - Shot Misses the Net.
4:32 of 3rd period - Slapshot by Troy Brouwer.
4:32 of 3rd period - Shot Blocked by Oskars Bartulis.
4:34 of 3rd period - Slapshot by Tyler Haskins.
4:34 of 3rd period - Stopped by Thomas McCollum with a rebound.
4:36 of 3rd period - Snap shot by Samuel Groulx.
4:36 of 3rd period - Shot Misses the Net.
4:40 of 3rd period - Wrist shot by Tyler Haskins.
4:40 of 3rd period - Shot Blocked by T.J Galiardi.
4:49 of 3rd period - Snap shot by Tyler Haskins.
4:49 of 3rd period - Shot Blocked by Oskars Bartulis.
4:51 of 3rd period - Snap shot by Troy Brouwer.
4:51 of 3rd period - Shot Misses the Net.
4:53 of 3rd period - Snap shot by Troy Brouwer.
4:53 of 3rd period - Deflect By Curtis Glencross.
4:53 of 3rd period - Stopped by Thomas McCollum with a rebound.
5:05 of 3rd period - Snap shot by Troy Brouwer.
5:05 of 3rd period - Stopped by Thomas McCollum without a rebound.
5:06 of 3rd period - Michael Chaput wins face-off versus Charlie Coyle in Influenza zone.
5:07 of 3rd period - Snap shot by Petr Vrana.
5:07 of 3rd period - Shot Misses the Net.
5:09 of 3rd period - Slapshot by Michael Chaput.
5:09 of 3rd period - Deflect By Ryan Reaves.
5:09 of 3rd period - Stopped by Thomas McCollum with a rebound.
5:11 of 3rd period - Snap shot by Petr Vrana.
5:11 of 3rd period - Stopped by Thomas McCollum with a rebound.
5:30 of 3rd period - Icing by Matt Corrente.
5:31 of 3rd period - Beau Bennett wins face-off versus Sam Carrick in Influenza zone.
5:31 of 3rd period - Beau Bennett is hit by Sam Carrick.
6:03 of 3rd period - Wrist shot by Nikita Gusev.
6:03 of 3rd period - Shot Blocked by Petr Vrana.
6:41 of 3rd period - Wrist shot by Troy Brouwer.
6:41 of 3rd period - Shot Hit the Post.
7:20 of 3rd period - Kevin Connauton is hit by Jimmy Vesey and loses puck.
7:27 of 3rd period - Wrist shot by Jimmy Vesey.
7:27 of 3rd period - Shot Misses the Net.
7:29 of 3rd period - Wrist shot by Jimmy Vesey.
7:29 of 3rd period - Shot Blocked by Samuel Groulx.
7:31 of 3rd period - Snap shot by Dmitry Sinitsyn.
7:31 of 3rd period - Deflect By Beau Bennett.
7:31 of 3rd period - Stopped by Anders Nilsson without a rebound.
7:32 of 3rd period - Mark Olver wins face-off versus Troy Brouwer in Ice Dragons zone.
7:41 of 3rd period - Wrist shot by Garnet Hathaway.
7:41 of 3rd period - Shot Misses the Net.
7:43 of 3rd period - Snap shot by Garnet Hathaway.
7:43 of 3rd period - Shot Misses the Net.
7:45 of 3rd period - Slapshot by Oskars Bartulis.
7:45 of 3rd period - Stopped by Anders Nilsson without a rebound.
7:46 of 3rd period - Michael Chaput wins face-off versus Mark Scheifele in Ice Dragons zone.
7:46 of 3rd period - Michael Chaput is hit by Mark Scheifele.
7:52 of 3rd period - Dmitry Sinitsyn is hit by Petr Vrana and loses puck.
7:59 of 3rd period - Slapshot by Mark Scheifele.
7:59 of 3rd period - Stopped by Anders Nilsson with a rebound.
8:01 of 3rd period - Slapshot by Dmitry Sinitsyn.
8:01 of 3rd period - Shot Blocked by Joe Callahan.
8:25 of 3rd period - Snap shot by Michael Chaput.
8:25 of 3rd period - Stopped by Thomas McCollum with a rebound.
8:33 of 3rd period - Wrist shot by Petr Vrana.
8:33 of 3rd period - Shot Misses the Net.
8:49 of 3rd period - Slapshot by Garnet Hathaway.
8:49 of 3rd period - Shot Blocked by Petr Vrana.
8:57 of 3rd period - Wrist shot by Lane MacDermid.
8:57 of 3rd period - Shot Misses the Net.
8:59 of 3rd period - Slapshot by Oskars Bartulis.
8:59 of 3rd period - Shot Blocked by Joe Callahan.
9:01 of 3rd period - Wrist shot by Dmitry Sinitsyn.
9:01 of 3rd period - Shot Blocked by Michael Chaput.
9:03 of 3rd period - Snap shot by Mark Olver.
9:03 of 3rd period - Shot Blocked by Michael Chaput.
9:05 of 3rd period - Snap shot by Garnet Hathaway.
9:05 of 3rd period - Shot Blocked by Ryan Reaves.
9:07 of 3rd period - Slapshot by Oskars Bartulis.
9:07 of 3rd period - Deflect By Petr Vrana.
9:07 of 3rd period - Stopped by Anders Nilsson without a rebound.
9:08 of 3rd period - Tyler Haskins wins face-off versus Mark Scheifele in Ice Dragons zone.
9:33 of 3rd period - Sam Carrick is hit by Matt Corrente and loses puck.
9:42 of 3rd period - Wrist shot by Brandon Kozun.
9:42 of 3rd period - Deflect By Logan MacMillan.
9:42 of 3rd period - Shot Misses the Net.
9:42 of 3rd period - Puck is out of play.
9:43 of 3rd period - Mark Scheifele wins face-off versus Tyler Haskins in Influenza zone.
10:17 of 3rd period - Beau Bennett is hit by Sam Carrick and loses puck.
10:42 of 3rd period - Snap shot by Brayden McNabb.
10:42 of 3rd period - Stopped by Thomas McCollum without a rebound.
10:43 of 3rd period - Mark Olver wins face-off versus Tyler Haskins in Influenza zone.
10:48 of 3rd period - Slapshot by Oskars Bartulis.
10:48 of 3rd period - Goal by Oskars Bartulis - Influenza : 5 - Ice Dragons : 3.
10:49 of 3rd period - Tyler Haskins wins face-off versus Mark Scheifele in neutral zone.
11:33 of 3rd period - Minor Penalty to Sam Carrick for Tripping.
11:34 of 3rd period - Curtis Glencross wins face-off versus Mark Scheifele in Ice Dragons zone.
13:17 of 3rd period - Icing by Matt Corrente.
13:18 of 3rd period - Tyler Haskins wins face-off versus Mark Scheifele in Influenza zone.
13:19 of 3rd period - Snap shot by Petr Vrana.
13:19 of 3rd period - Stopped by Thomas McCollum without a rebound.
13:20 of 3rd period - Mark Scheifele wins face-off versus Tyler Haskins in Influenza zone.
13:31 of 3rd period - Wrist shot by Beau Bennett.
13:31 of 3rd period - Stopped by Anders Nilsson with a rebound.
13:33 of 3rd period - Penalty to Sam Carrick is over, Sam Carrick is back on ice.
13:33 of 3rd period - Slapshot by Paul Ladue.
13:33 of 3rd period - Stopped by Anders Nilsson without a rebound.
13:34 of 3rd period - Tyler Haskins wins face-off versus Mark Olver in Ice Dragons zone.
13:34 of 3rd period - Tyler Haskins is hit by Jimmy Vesey.
14:05 of 3rd period - Slapshot by Justin Faulk.
14:05 of 3rd period - Stopped by Thomas McCollum with a rebound.
14:07 of 3rd period - Snap shot by Michael Chaput.
14:07 of 3rd period - Shot Misses the Net.
14:09 of 3rd period - Snap shot by Michael Chaput.
14:09 of 3rd period - Shot Misses the Net.
14:45 of 3rd period - Snap shot by Lane MacDermid.
14:45 of 3rd period - Shot Misses the Net.
14:47 of 3rd period - Minor Penalty to Samuel Groulx for Tripping.
14:48 of 3rd period - Mark Scheifele wins face-off versus Curtis Glencross in Ice Dragons zone.
14:49 of 3rd period - Wrist shot by T.J Galiardi.
14:49 of 3rd period - Shot Misses the Net.
15:13 of 3rd period - Matt Corrente is hit by Adam Larsson and loses puck.
15:20 of 3rd period - Wrist shot by Tyler Haskins.
15:20 of 3rd period - Shot Misses the Net.
15:22 of 3rd period - Snap shot by Petr Vrana.
15:22 of 3rd period - Stopped by Thomas McCollum with a rebound.
15:24 of 3rd period - Slapshot by Tyler Haskins.
15:24 of 3rd period - Shot Misses the Net.
15:26 of 3rd period - Snap shot by Petr Vrana.
15:26 of 3rd period - Shot Misses the Net.
16:47 of 3rd period - Penalty to Samuel Groulx is over, Samuel Groulx is back on ice.
18:39 of 3rd period - Petr Vrana is hit by Mark Scheifele and loses puck.
18:50 of 3rd period - Joe Callahan is hit by Paul Ladue and loses puck.
19:07 of 3rd period - Snap shot by Brandon Kozun.
19:07 of 3rd period - Shot Misses the Net.
Goals for this period are 3 for Influenza vs 0 for Ice Dragons.
Shots for this period are 10 for Influenza vs 10 for Ice Dragons.